 Dungeon Crawl Stone Soup version 0.30-a0-365-ge7f957f1db (webtiles) character file.

Game seed: 8924393697903503841

18 IdlyInterested the Magician (level 2, -2/21 HPs)
             Began as a Demonspawn Wanderer on Nov 17, 2022.
             Frozen to death by an endoplasm (3 damage)
             ... on level 2 of the Dungeon.
             The game lasted 00:03:56 (965 turns).

IdlyInterested the Magician (Demonspawn Wanderer)    Turns: 965, Time: 00:03:57

Health: -2/21      AC:  4    Str: 12    XL:     2   Next: 51%
Magic:  4/6        EV: 11    Int: 16    God:
Gold:   86         SH:  0    Dex:  9    Spells: 6/7 levels left

rFire   . . .      SeeInvis .    f - +0 dagger
rCold   . . .      Faith    .    (no shield)
rNeg    . . .      Spirit   .    c - +0 robe
rPois   .          Reflect  .    (no helmet)
rElec   .          Harm     .    (no cloak)
rCorr   .          Rampage  .    (no gloves)
Will    .....                    (no boots)
Stlth   +.........               (no amulet)
HPRegen 0.23/turn                (no ring)
MPRegen 0.10/turn                (no ring)

@: no status effects
A: yellow scales 1
a: no special abilities


You were on level 2 of the Dungeon.
You visited 1 branch of the dungeon, and saw 2 of its levels.

You collected 86 gold pieces.

Inventory:

Hand Weapons
 f - a +0 dagger (weapon)
Missiles
 a - 8 stones
Armour
 c - a +0 robe (worn)
Scrolls
 b - a scroll of teleportation
 g - a scroll of enchant weapon {unknown}
Potions
 d - a potion of lignification
 e - a potion of curing {unknown}


   Skills:
 + Level 1.2 Fighting
 + Level 1.2 Stealth
 - Level 3.0 Spellcasting
 * Level 2.9 Conjurations
 - Level 2.0 Summonings
 - Level 1.2 Invocations


You had 6 spell levels left.
You knew the following spells:

 Your Spells              Type           Power      Damage    Failure   Level
a - Summon Small Mammal   Summ           32%        N/A       9%          1

Your spell library contained the following spells:

 Spells                   Type           Power      Damage    Failure   Level
 Foxfire                  Conj/Fire      28%        2x1d5     11%         1
 Call Imp                 Summ           8%         N/A       12%         2
 Dazzling Flash           Conj/Hex       14%        N/A       30%         3
 Summon Ice Beast         Ice/Summ       5%         N/A       77%         4


Dungeon Overview and Level Annotations

Branches:
Dungeon (2/15)

Altars:


Innate Abilities, Weirdness & Mutations

You are partially covered in yellow scales. (AC +2)


Message History

Your bat hits the endoplasm but does no damage.
The endoplasm freezes you.
You are frozen.
You hit the endoplasm.
The endoplasm is lightly wounded.
Your bat hits the endoplasm.
Your bat hits the endoplasm but does no damage.
Your rat bites the goblin.
The goblin misses you. The endoplasm freezes you.
You are frozen.
You hit the endoplasm.
The endoplasm is heavily wounded.
Your bat barely misses the endoplasm.
Your rat bites the goblin.
The goblin dies!
The endoplasm hits you but does no damage.
Unknown command.
You hit the endoplasm but do no damage.
The endoplasm is moderately wounded.
Your bat barely misses the endoplasm.
Your rat bites the endoplasm but does no damage.
The endoplasm freezes you.
You are frozen.
The endoplasm hits you but does no damage.
You hit the endoplasm but do no damage.
The endoplasm is moderately wounded.
Your bat completely misses the endoplasm.
Your rat bites the endoplasm.
The endoplasm freezes you.
You are frozen.
* * * LOW HITPOINT WARNING * * *
The endoplasm freezes your rat.
Your rat is frozen.
You hit the endoplasm.
The endoplasm is severely wounded.
Your bat hits the endoplasm but does no damage.
Your rat bites the endoplasm.
The endoplasm hits you.
* * * LOW HITPOINT WARNING * * *
The endoplasm freezes you.
You are frozen.
You die...

# #.##
#....####
##...#..
.#....J.#
...b..r@#
.......J.......
..........#.###
#.....<.###
#.#...#..
#.......#
#########


You could see 2 endoplasms, a friendly bat (summoned) and a friendly rat
(summoned).

Vanquished Creatures
  3 endoplasms (D:1)
  A giant cockroach (D:1)
  A kobold (D:1)
  A quokka (D:1)
  A bat (D:1)
  A frilled lizard (D:1)
8 creatures vanquished.

Vanquished Creatures (collateral kills)
  A bat (D:1)
  2 endoplasms (D:1)
  A giant cockroach (D:1)
  A goblin (D:2)
  A hobgoblin (D:1)
  A rat (D:1)
7 creatures vanquished.

Grand Total: 15 creatures vanquished

Notes
Turn   | Place    | Note
-------+----------+-------------------------------------------
     0 | D:1      | IdlyInterested the Demonspawn Wanderer began the quest for
                  | the Orb.
     0 | D:1      | IdlyInterested set off with the following items: a +0 club,
                  | a scroll of teleportation, a +0 robe, a potion of
                  | lignification; and the following spells available to
                  | memorise: Summon Small Mammal, Foxfire, Call Imp, Dazzling
                  | Flash, Summon Ice Beast.
     0 | D:1      | Reached XP level 1. HP: 15/15 MP: 4/4
    18 | D:1      | Learned a level 1 spell: Summon Small Mammal
   444 | D:1      | Gained mutation: You are partially covered in yellow
                  | scales. (AC +2) [demonic ancestry]
   444 | D:1      | Reached XP level 2. HP: 21/21 MP: 3/6
   965 | D:2      | HP: 1/21 [endoplasm (1)]
   965 | D:2      | Frozen to death by an endoplasm

Illustrated notes

Levels and vault maps discovered:
D:1:      nicolae_arrival_washed_ashore, layout_loops_cross
D:2:      layout_loops_cross, serial_shops, shop

Action                   || total
-------------------------++-------
Melee: Club              ||    12
       Dagger            ||    33
 Cast: Summon Small Mamm ||    27
 Stab: Sleeping          ||     1
Armor: Robe              ||    13
Dodge: Dodged            ||    18

Table legend: (Time is in decaauts)
 A = Elapsed time spent in this place.
 B = Non-inter-level travel time spent in this place.
 C = Inter-level travel time spent in this place.
 D = Time resting spent in this place.
 E = Time spent auto-exploring this place.
 F = Levels seen in this place.
 G = Mean time per level.
                   A        B        C        D        E       F      G
               +--------+--------+--------+--------+--------+-----+--------+
         Total |    967 |    932 |     35 |    124 |    606 |   2 |  483.5 |
       Dungeon |    967 |    932 |     35 |    124 |    606 |   2 |  483.5 |
               +--------+--------+--------+--------+--------+-----+--------+

Top non-repeatable levels by time:
     D:1: 959 daAuts
     D:2: 8 daAuts
